 Dungeon Crawl Stone Soup version 0.27.0-1-g7a089689b8 (webtiles) character file.

Game seed: 8813342131428062774

838 ZombieSheep the Skirmisher (level 7, -1/54 (56) HPs)
             Began as a Gnoll Wanderer on Aug 6, 2021.
             Was a Believer of Fedhas.
             Slain by a wight (14 damage)
             ... on level 6 of the Dungeon.
             The game lasted 00:09:54 (5304 turns).

ZombieSheep the Skirmisher (Gnoll Wanderer)         Turns: 5304, Time: 00:09:54

HP:   -1/54 (56)    AC:  8    Str:  9    XL:     7   Next: 99%
MP:   11/11         EV: 11    Int: 16    God:    Fedhas [**....]
Gold: 235           SH:  0    Dex: 11    Spells: 10/11 levels left

rFire    + . .     SeeInvis .   o - +2 dagger (elec)
rCold    . . .     Faith    .   (no shield)
rNeg     . . .     Spirit   .   j - +0 ring mail
rPois    .         Reflect  .   (no helmet)
rElec    .         Harm     .   k - +1 cloak
rCorr    .         Rampage  .   f - +0 pair of gloves
Will     .....                  (no boots)
Stlth    ++........             p - amulet of the acrobat
HPRegen  0.18/turn              h - ring of protection from fire
MPRegen  0.12/turn              (no ring)

@: lightly drained
A: fangs 1, strong nose, distributed training
a: Renounce Religion, Wall of Briars


You were on level 6 of the Dungeon.
You worshipped Fedhas.
Fedhas was pleased with you.
You visited 1 branch of the dungeon, and saw 6 of its levels.

You collected 235 gold pieces.

Inventory:

Hand Weapons
 a - a +0 falchion
 d - a +0 dagger
 o - a +2 dagger of electrocution (weapon)
 t - a +0 hunting sling
Missiles
 l - 5 boomerangs (quivered)
 u - 16 stones
 w - 20 sling bullets
Armour
 f - a +0 pair of gloves (worn)
 j - a +0 ring mail (worn)
 k - a +1 cloak (worn)
Jewellery
 h - a ring of protection from fire (left hand)
 p - an amulet of the acrobat (around neck)
Wands
 q - a wand of flame (31)
Scrolls
 b - a scroll of teleportation
Potions
 c - 2 potions of mutation
 e - a potion of haste
 g - 2 potions of heal wounds {unknown}
 m - a potion of degeneration {unknown}
 n - 3 potions of curing {unknown}
 x - a potion of resistance {unknown}


   Skills:
 + Level 5.4 Fighting
 + Level 2.8 Short Blades
 + Level 3.9 Long Blades
 + Level 2.8 Axes
 + Level 2.8 Maces & Flails
 + Level 2.8 Polearms
 + Level 2.8 Staves
 + Level 2.8 Slings
 + Level 2.8 Bows
 + Level 2.8 Crossbows
 + Level 3.9 Throwing
 + Level 2.8 Armour
 + Level 3.9 Dodging
 + Level 5.1 Stealth
 + Level 2.8 Shields
 + Level 2.8 Unarmed Combat
 + Level 2.8 Spellcasting
 + Level 3.2 Conjurations
 + Level 2.3 Hexes
 + Level 2.3 Summonings
 + Level 2.3 Necromancy
 + Level 2.3 Translocations
 + Level 2.3 Transmutations
 + Level 2.3 Fire Magic
 + Level 4.5 Ice Magic
 + Level 2.3 Air Magic
 + Level 2.3 Earth Magic
 + Level 2.3 Poison Magic
 + Level 3.1 Invocations
 + Level 2.8 Evocations


You had 10 spell levels left.
You knew the following spells:

 Your Spells              Type           Power      Damage    Failure   Level
a - Freeze                Ice            64%        1d8       9%          1

Your spell library contained the following spells:

 Spells                   Type           Power      Damage    Failure   Level
 Sandblast                Erth           18%        2d7       21%         1
 Sting                    Tmut/Pois      36%        1d4       21%         1
 Frozen Ramparts          Ice            32%        1d5       24%         3
 Ozocubu's Armour         Ice            16%        N/A       24%         3
 Poisonous Vapours        Pois/Air       18%        N/A       30%         2
 Slow                     Hex            9%         N/A       30%         2
 Sublimation of Blood     Necr           4%         N/A       30%         2
 Stone Arrow              Conj/Erth      22%        3d8       45%         3
 Confusing Touch          Hex            9%         N/A       52%         3
 Vampiric Draining        Necr           4%         2d6       52%         3
 Hailstorm                Conj/Ice       14%        3d5       71%         4
 Olgreb's Toxic Radiance  Pois           9%         N/A       89%         4
 Bolt of Magma            Conj/Fire/Erth 5%         4d5       99%         5
 Death Channel            Necr           4%         N/A       100%        6
 Shatter                  Erth           4%         3d8*      100%        9


Dungeon Overview and Level Annotations

Branches:
Dungeon (6/15)             Temple (0/1) D:4

Altars:
Ashenzari
Fedhas
Kikubaaqudgha
Nemelex Xobeh
Vehumet
Yredelemnul

Annotations:
D:3 2 transporters, Menkaure
D:4 3 runed translucent doors, kd29's ghost, amateur GrFE


Innate Abilities, Weirdness & Mutations

You have very sharp teeth.
Your uncanny sense of smell can sniff out nearby items.
Your experience applies equally to all skills.


Message History

The wight is almost destroyed.
The wight hits you with a +4 trident of freezing.
The wight freezes you.
The wight hits you from afar with a +2 halberd.
You hit the wight but do no damage. Lightning courses through the wight!
You destroy the wight!
Fedhas accepts your kill.
Your life force feels restored.
The wight misses you.
Things that are here:
a +4 trident of freezing; a +0 robe You hit the wight but do no damage.
Lightning courses through the wight!
The wight is severely damaged.
The wight hits you with a +2 halberd!
You closely miss the wight. Your bite misses the wight.
The wight is severely damaged.
The wight closely misses you.
You completely miss the wight.
The wight is severely damaged.
The wight barely misses you.
You closely miss the wight.
The wight is severely damaged.
The wight barely misses you.
You hit the wight but do no damage.
The wight is severely damaged.
The wight closely misses you.
You completely miss the wight.
The wight is severely damaged.
The wight hits you with a +2 halberd!
* * * LOW HITPOINT WARNING * * *
You feel drained.
* * * LOW HITPOINT WARNING * * *
You closely miss the wight. You bite the wight, but do no damage.
The wight is severely damaged.
The wight closely misses you.
You closely miss the wight.
The wight is severely damaged.
The wight hits you with a +2 halberd!
You die...
Fedhas appreciates your contribution to the ecosystem.

#..#
#........
#.##
#z.......
...
#........
#.###
####zz......
#
#..........#
#.##########
#...# ###z#
#<#@# #.#.#
#.#.# ∆#.#.#
#.#.# #.#.#
#.#.# #...#
#####


You could see a wight.

Vanquished Creatures
  A water moccasin (D:5)
  An ogre (D:5)
  A scorpion (D:5)
  A wight (D:6)
  A howler monkey (D:5)
  A bullfrog zombie (D:5)
  5 hounds
  2 jellies (D:5)
  An orc priest (D:4)
  A bullfrog skeleton (D:5)
  3 iguanas
  A scorpion zombie (D:5)
  4 adders
  An adder skeleton (D:5)
  2 dart slugs
  4 orcs
  8 bats
  7 endoplasms
  2 giant cockroaches
  8 goblins
  5 hobgoblins
  3 jackals (D:3)
  5 kobolds
  5 quokkas
  4 ball pythons
  3 frilled lizards (D:2)
  4 rats
84 creatures vanquished.

Notes
Turn   | Place    | Note
-------+----------+-------------------------------------------
     0 | D:1      | ZombieSheep the Gnoll Wanderer began the quest for the Orb.
     0 | D:1      | ZombieSheep set off with the following items: a +0
                  | falchion, a scroll of teleportation, a +0 robe, a +0
                  | dagger; and the following spell memorised: Freeze; and the
                  | following spells available to memorise: Frozen Ramparts,
                  | Ozocubu's Armour, Hailstorm
     0 | D:1      | Reached XP level 1. HP: 20/20 MP: 1/1
   429 | D:1      | Reached XP level 2. HP: 23/26 MP: 2/2
  1036 | D:2      | Reached XP level 3. HP: 28/31 MP: 3/3
  1556 | D:2      | Reached skill level 1 in Invocations
  2167 | D:3      | Found a transporter.
  2186 | D:3      | Noticed a necrophage
  2199 | D:3      | Found a transporter.
  2199 | D:3      | Found a basalt altar of Yredelemnul.
  2206 | D:3      | Noticed Menkaure
  2304 | D:3      | Found a faded altar of an unknown god.
  2309 | D:3      | Became a worshipper of Fedhas Madash
  2309 | D:3      | Reached * piety under Fedhas
  2461 | D:3      | Reached skill level 1 in Short Blades
  2461 | D:3      | Reached skill level 1 in Axes
  2461 | D:3      | Reached skill level 1 in Maces & Flails
  2461 | D:3      | Reached skill level 1 in Polearms
  2461 | D:3      | Reached skill level 1 in Staves
  2461 | D:3      | Reached skill level 1 in Slings
  2461 | D:3      | Reached skill level 1 in Bows
  2461 | D:3      | Reached skill level 1 in Crossbows
  2461 | D:3      | Reached skill level 1 in Armour
  2461 | D:3      | Reached skill level 1 in Shields
  2461 | D:3      | Reached skill level 1 in Unarmed Combat
  2461 | D:3      | Reached skill level 1 in Spellcasting
  2461 | D:3      | Reached skill level 1 in Evocations
  2552 | D:3      | Got the Papyrus of Psychosis
  2875 | D:3      | Found an ancient bone altar of Kikubaaqudgha.
  2911 | D:4      | Reached XP level 4. HP: 38/38 MP: 5/5
  2953 | D:4      | Reached skill level 1 in Hexes
  2953 | D:4      | Reached skill level 1 in Summonings
  2953 | D:4      | Reached skill level 1 in Necromancy
  2953 | D:4      | Reached skill level 1 in Translocations
  2953 | D:4      | Reached skill level 1 in Transmutations
  2953 | D:4      | Reached skill level 1 in Fire Magic
  2953 | D:4      | Reached skill level 1 in Air Magic
  2953 | D:4      | Reached skill level 1 in Earth Magic
  2953 | D:4      | Reached skill level 1 in Poison Magic
  3176 | D:4      | Reached XP level 5. HP: 43/43 MP: 5/7
  3208 | D:4      | Found a runed translucent gate.
  3211 | D:4      | Found a runed translucent gate.
  3219 | D:4      | Reached ** piety under Fedhas
  3220 | D:4      | Found a radiant altar of Vehumet.
  3488 | D:4      | Noticed kd29's ghost (amateur GrFE)
  3511 | D:4      | Found a runed translucent gate.
  3511 | D:4      | Noticed an ice beast
  3556 | D:4      | Found a staircase to the Ecumenical Temple.
  3789 | D:5      | Entered Level 5 of the Dungeon
  3794 | D:5      | Found a broken altar of Ashenzari.
  3803 | D:5      | Reached XP level 6. HP: 34/50 MP: 8/8
  3988 | D:5      | Reached skill level 5 in Fighting
  4321 | D:5      | Reached XP level 7. HP: 56/56 MP: 6/10
  4704 | D:5      | Reached skill level 5 in Stealth
  5133 | D:5      | Found a sparkling altar of Nemelex Xobeh.
  5304 | D:6      | Slain by a wight

Illustrated notes

Levels and vault maps discovered:
D:1:      amcnicky_arrival_blooded_trapdoor, layout_rooms
D:2:      layout_basic, minmay_cut_off
D:3:      layout_loops_ring, gammafunk_temple_of_torment,
          hellmonk_ecumenical_altar_leap_of_faith, minivault_23
D:4:      layout_basic, vehumet_altar_wand_db, minmay_temple_entry_proselytizer,
          gammafunk_ghost_icy, st_stairs_4
D:5:      layout_loops_ring, old_standard_altar, mainiacjoe_overflow_alcove_2,
          dk_noncrumbling_4
D:6:      layout_basic, fedhas_altar_3, enter_ossuary_5, uniq_crazy_yiuf_cottage

Skill      XL: |  1  2  3  4  5  6  7 |
---------------+----------------------+-----
Conjurations   | 2 3 |  3.2
Invocations    | 1 2 3 |  3.1
Short Blades   | 1 2 |  2.8
Axes           | 1 2 |  2.8
Maces & Flails | 1 2 |  2.8
Polearms       | 1 2 |  2.8
Staves         | 1 2 |  2.8
Slings         | 1 2 |  2.8
Bows           | 1 2 |  2.8
Crossbows      | 1 2 |  2.8
Armour         | 1 2 |  2.8
Shields        | 1 2 |  2.8
Unarmed Combat | 1 2 |  2.8
Spellcasting   | 1 2 |  2.8
Evocations     | 1 2 |  2.8
Hexes          | 1 2 |  2.3
Summonings     | 1 2 |  2.3
Necromancy     | 1 2 |  2.3
Translocations | 1 2 |  2.3
Transmutations | 1 2 |  2.3
Fire Magic     | 1 2 |  2.3
Air Magic      | 1 2 |  2.3
Earth Magic    | 1 2 |  2.3
Poison Magic   | 1 2 |  2.3
Long Blades    | 3 |  3.9
Throwing       | 3 |  3.9
Dodging        | 3 |  3.9
Ice Magic      | 4 |  4.5
Fighting       | 5 |  5.4
Stealth        | 5 |  5.1

Action                   |  1- 3 |  4- 6 |  7- 9 || total
-------------------------+-------+-------+-------++-------
Melee: Falchion          |   145 |     3 |       ||   148
       Bite              |    14 |    13 |     3 ||    30
       Punch             |     1 |       |       ||     1
       Dagger            |       |   108 |    50 ||   158
Throw: Throwing net      |       |       |     2 ||     2
 Cast: Freeze            |     1 |     6 |     6 ||    13
Evoke: Wand              |       |       |     1 ||     1
  Use: Scroll            |     5 |     3 |       ||     8
 Stab: Sleeping          |    11 |     3 |     4 ||    18
Armor: Robe              |    18 |       |       ||    18
       Leather armour    |    13 |       |       ||    13
       Ring mail         |    24 |    46 |    10 ||    80
Dodge: Dodged            |   100 |    45 |    32 ||   177
       Rpst.: Falchion   |    28 |       |       ||    28
